 Dungeon Sprint DCSS version 0.28-a0-919-g0b5b508569 (webtiles) character file.

Game seed: 9406075814789501306

1320 SmokeWeed the Carver (level 8, -15/54 HPs)
             Began as a Gargoyle Gladiator on Nov 25, 2021.
             Was a Believer of Qazlal.
             Demolished by a cyclops (20 damage)
             ... in the Dungeon (Sprint IX: "|||||||||||||||||||||||||||||").
             The game lasted 00:03:13 (534 turns).

SmokeWeed the Carver (Gargoyle Gladiator)            Turns: 534, Time: 00:03:13

Health: -15/54     AC: 19    Str: 20    XL:     8   Next: 59%
Magic:  8/8        EV: 12    Int: 12    God:    Qazlal [**....]
Gold:   0          SH:  3    Dex: 11    Spells: 7/7 levels left

rFire   . . .      SeeInvis .   n - +2 scimitar (flame)
rCold   . . .      Faith    .   (no shield)
rNeg    + . .      Spirit   .   o - +1 scale mail
rPois   ∞          Reflect  .   c - +0 helmet
rElec   +          Harm     .   (no cloak)
rCorr   .          Rampage  .   a - +0 pair of gloves
Will    .....      NoTele   +   (no boots)
Stlth   +.........              (no amulet)
HPRegen 0.18/turn               p - +2 ring of protection
MPRegen 0.11/turn               q - +3 ring of intelligence

@: on berserk cooldown, slowed, very slow
A: sickness immunity, AC +5, negative energy resistance 1, electricity
resistance, torment resistance 1, petrification resistance
a: Renounce Religion, Upheaval


You were in the Dungeon.
You worshipped Qazlal.
Qazlal was pleased with you.
You visited 1 branch

Inventory:

Hand Weapons
 n - a +2 scimitar of flaming (weapon)
Armour
 a - a +0 pair of gloves (worn)
 b - a +0 leather armour
 c - a +0 helmet (worn)
 o - a +1 scale mail (worn)
Jewellery
 p - a +2 ring of protection (left hand)
 q - a +3 ring of intelligence (right hand)
Wands
 m - a wand of iceblast (10)
Scrolls
 j - 2 scrolls of blinking
 l - 2 scrolls of amnesia
Potions
 e - 5 potions of curing
 f - 2 potions of heal wounds
 g - a potion of haste
 h - 4 potions of magic
 k - a potion of invisibility


   Skills:
 + Level 8.0 Fighting
 + Level 11.8 Long Blades
 + Level 4.5 Throwing
 + Level 7.3 Armour
 + Level 6.9 Dodging
 + Level 4.4 Stealth


You had 7 spell levels left.
You didn't know any spells.
Your spell library was empty.

Dungeon Overview and Level Annotations

Branches:
Dungeon (1/1)

Altars:
Cheibriados
Dithmenos
Elyvilon
Fedhas
Gozag
Hepliaklqana
Kikubaaqudgha
Makhleb
Nemelex Xobeh
Okawaru
Qazlal
Ru
Sif Muna
Trog
Uskayaw
Vehumet
Wu Jian
Xom
Yredelemnul
Zin
The Shining One
Beogh
Jiyva
Lugonu


Innate Abilities, Weirdness & Mutations

You are immune to sickness and miasma.
Your stone body is resilient. (AC +5)
You are immune to poison.
You resist negative energy. (rN+)
You are resistant to electric shocks. (rElec)
You are resistant to unholy torment.
You are immune to petrification.


Message History

You slash the vampire! You burn the vampire.
The vampire is almost destroyed.
The boulder beetle curls into a ball and begins rolling!
You barely miss the vampire.
The vampire is almost destroyed.
The vampire casts a spell at you.
You are confused.
You slice the vampire!! You burn the vampire.
You destroy the vampire!
Qazlal accepts your kill.
Your Fighting skill increases to level 8!
You bump into the unnaturally hard rock wall.
You bump into the unnaturally hard rock wall.
You feel a strong urge to attack something.
You are no longer berserk.
You are exhausted.
You feel yourself slow down.
The boulder beetle stops rolling and uncurls.
You bump into the unnaturally hard rock wall.
The cyclops hits you.
You're too confused to move!
The cyclops hits you.
You feel much better.
You feel less confused. The cyclops hits you!
Okay, then.
Okay, then.
You slash the cyclops! You burn the cyclops.
The cyclops is heavily wounded.
The cyclops hits you but does no damage.
The boulder beetle leaps!
You slash the cyclops! You burn the cyclops.
The cyclops is severely wounded.
The cyclops hits you!!
* * * LOW HITPOINT WARNING * * *
You hit the cyclops. You burn the cyclops.
The cyclops is severely wounded.
The boulder beetle bites you!
* * * LOW HITPOINT WARNING * * *
The cyclops hits you!!
You die...

▓.▓
▓)▓
▓)▓
▓.▓
▓.▓
▓.▓
▓.▓
▓B▓
▓@▓
▓C▓
▓C▓
▓.▓
▓.▓
▓.▓
▓.▓
▓+▓


You could see a boulder beetle and 2 cyclopes.

Vanquished Creatures
  A two-headed ogre (D)
  A tengu conjurer (D)
  A vampire (D)
  A basilisk (D)
  An orc warrior (D)
  A hound (D)
  2 gnoll shamans (D)
  An orc wizard (D)
  An adder skeleton (D)
  2 orcs (D)
  A giant cockroach (D)
  2 hobgoblins (D)
  A kobold (D)
  A ball python zombie (D)
  A frilled lizard (D)
  A quokka zombie (D)
19 creatures vanquished.

Notes
Turn   | Place    | Note
-------+----------+-------------------------------------------
     0 | D        | SmokeWeed the Gargoyle Gladiator began the quest for the
                  | Orb.
     0 | D        | Reached XP level 1. HP: 12/12 MP: 1/1
     8 | D        | Reached skill level 3 in Long Blades
   277 | D        | Noticed a hound
   279 | D        | Reached XP level 2. HP: 17/18 MP: 2/2
   285 | D        | Reached skill level 4 in Long Blades
   285 | D        | Reached skill level 1 in Armour
   285 | D        | Reached XP level 3. HP: 19/23 MP: 3/3
   390 | D        | Found a snail-covered altar of Cheibriados.
   390 | D        | Found a shadowy altar of Dithmenos.
   390 | D        | Found a white marble altar of Elyvilon.
   390 | D        | Found a blossoming altar of Fedhas.
   390 | D        | Found an opulent altar of Gozag.
   391 | D        | Found a hazy altar of Hepliaklqana.
   392 | D        | Found a viscous altar of Jiyva.
   393 | D        | Found an ancient bone altar of Kikubaaqudgha.
   394 | D        | Found a corrupted altar of Lugonu.
   395 | D        | Found a burning altar of Makhleb.
   396 | D        | Found a sparkling altar of Nemelex Xobeh.
   397 | D        | Found an iron altar of Okawaru.
   398 | D        | Found a stormy altar of Qazlal.
   399 | D        | Found a sacrificial altar of Ru.
   400 | D        | Found a shimmering blue altar of Sif Muna.
   401 | D        | Found a bloodstained altar of Trog.
   402 | D        | Found a hide-covered altar of Uskayaw.
   403 | D        | Found a radiant altar of Vehumet.
   406 | D        | Found an ornate altar of the Wu Jian Council.
   407 | D        | Found a shimmering altar of Xom.
   408 | D        | Became a worshipper of Qazlal Stormbringer
   409 | D        | Found a basalt altar of Yredelemnul.
   410 | D        | Found a glowing silver altar of Zin.
   411 | D        | Found a glowing golden altar of the Shining One.
   457 | D        | Noticed an orc warrior
   457 | D        | Noticed a two-headed ogre
   468 | D        | Reached skill level 5 in Long Blades
   468 | D        | Reached XP level 4. HP: 23/29 MP: 4/4
   473 | D        | Killed a two-headed ogre
   474 | D        | Reached skill level 10 in Long Blades
   474 | D        | Reached skill level 5 in Armour
   474 | D        | Reached XP level 5. HP: 30/37 MP: 5/5
   474 | D        | Reached XP level 6. HP: 34/42 MP: 6/6
   474 | D        | Reached XP level 7. HP: 38/47 MP: 7/7
   475 | D        | Reached * piety under Qazlal
   486 | D        | Reached ** piety under Qazlal
   510 | D        | Noticed a boulder beetle
   510 | D        | Noticed a basilisk
   510 | D        | Noticed a tengu conjurer
   510 | D        | Noticed a vampire
   510 | D        | Noticed a cyclops
   510 | D        | Noticed a cyclops
   518 | D        | Killed a basilisk
   519 | D        | Reached XP level 8. HP: 53/53 MP: 8/8
   520 | D        | Killed a tengu conjurer
   521 | D        | Reached skill level 11 in Long Blades
   526 | D        | Killed a vampire
   534 | D        | Demolished by a cyclops

Illustrated notes

Levels and vault maps discovered:
D:        linesprint [early_d, line_temple, items_1, d_10, items_2, lair_1,
          lair_end, items_3, orc_1, orc_end, items_4, d_15, swamp_1, shoals_1,
          snake_1, spider_1, d_20, vaults_1, items_5, swamp_end, shoals_end,
          snake_end, spider_end, vaults_end, d_27, items_6, zot_1, zot_end,
          crypt_end, forest_end, elf_end, slime_end, tomb_end, abyss_end,
          pan_hell_end]

Skill      XL: |  1  2  3  4  5  6  7  8 |
---------------+-------------------------+-----
Long Blades    | 3 4 5 10 11 | 11.8
Throwing       | 2 4 |  4.5
Dodging        | 3 4 6 |  6.9
Fighting       | 3 6 7 8 |  8.0
Armour         | 1 2 5 6 7 |  7.3
Stealth        | 3 4 |  4.4

Action                   |  1- 3 |  4- 6 |  7- 9 || total
-------------------------+-------+-------+-------++-------
Melee: Long sword        |    35 |       |       ||    35
       Scimitar          |     6 |     5 |    25 ||    36
Throw: Throwing net      |     2 |     1 |     2 ||     5
  Use: Potion            |       |       |     2 ||     2
 Stab: Held in net/web   |     1 |     1 |       ||     2
Armor: Leather armour    |     6 |       |       ||     6
       Scale mail        |     4 |       |     5 ||     9
Dodge: Dodged            |    19 |       |     5 ||    24
Block: Other             |       |       |     1 ||     1

Table legend: (Time is in decaauts)
 A = Elapsed time spent in this place.
 B = Non-inter-level travel time spent in this place.
 C = Inter-level travel time spent in this place.
 D = Time resting spent in this place.
 E = Time spent auto-exploring this place.
 F = Levels seen in this place.
 G = Mean time per level.
                   A        B        C        D        E       F      G
               +--------+--------+--------+--------+--------+-----+--------+
         Total |    536 |    536 |      0 |    335 |      0 |   1 |  536.0 |
       Dungeon |    536 |    536 |      0 |    335 |      0 |   1 |  536.0 |
               +--------+--------+--------+--------+--------+-----+--------+

Top non-repeatable levels by time:
       D: 536 daAuts
